 Dungeon Crawl Stone Soup version 0.25.1-8-g42b30a86e7 (webtiles) character file.

Game seed: 15193010567766995760

84 OdinFK the Vandal (level 4, 0/30 HPs)
             Began as a Halfling Hunter on Dec 22, 2020.
             Slain by an adder (4 damage)
             ... on level 2 of the Dungeon.
             The game lasted 00:07:32 (1240 turns).

OdinFK the Vandal (Halfling Hunter)                 Turns: 1240, Time: 00:07:33

Health: 0/30       AC:  5    Str: 14    XL:     4   Next: 72%
Magic:  4/4        EV: 14    Int:  9    God:
Gold:   81         SH:  0    Dex: 14    Spells: 3/3 levels left

rFire    . . .     SeeInvis .   a - +1 hunting sling
rCold    . . .     Gourm    .   (shield restricted)
rNeg     . . .     Faith    .   o - +0 ring mail (curse)
rPois    .         Spirit   .   (no helmet)
rElec    .         Reflect  .   (no cloak)
rCorr    .         Harm     .   (no gloves)
MR       .....                  (no boots)
Stlth    +.........             (no amulet)
HPRegen  0.10/turn              (no ring)
MPRegen  0.09/turn              (no ring)

@: hasted, very quick
A: small, mutation resistance 1
a: no special abilities


You were on level 2 of the Dungeon.
You were not hungry.

You visited 1 branch of the dungeon, and saw 2 of its levels.

You collected 81 gold pieces.

Inventory:

Hand Weapons
 a - a +1 hunting sling (weapon)
 b - a +0 short sword
Missiles
 d - 58 sling bullets (quivered)
 k - 49 stones
Armour
 o - a cursed +0 ring mail (worn)
Jewellery
 j - a +6 ring of dexterity {unknown}
 s - an uncursed amulet of regeneration {unknown}
 t - an uncursed ring of protection from cold {unknown}
Scrolls
 e - a scroll of fear {unknown}
 g - 2 scrolls of enchant weapon {unknown}
 i - a scroll of random uselessness {unknown}
 l - a scroll of magic mapping {unknown}
 m - 3 scrolls of identify {unknown}
 n - 2 scrolls of remove curse {unknown}
 p - a scroll of teleportation {unknown}
 v - a scroll of amnesia {unknown}
Potions
 c - a potion of lignification {unknown}
 h - a potion of haste
 q - a potion of flight {unknown}
 u - a potion of heal wounds {unknown}
 w - a potion of might {unknown}
Comestibles
 f - 2 rations
 r - a chunk of flesh


   Skills:
 + Level 2.9 Fighting
 + Level 6.8 Slings
 - Level 1.0 Armour
 - Level 3.0 Dodging
 - Level 1.1 Stealth


You had 3 spell levels left.
You didn't know any spells.
Your spell library was empty.

Dungeon Overview and Level Annotations

Branches:
Dungeon (2/15)

Altars:


Innate Abilities, Weirdness & Mutations

You are small and have problems with some larger weapons.
You are somewhat resistant to further mutation.


Message History

It was a potion of haste.
You feel yourself speed up.
h - a potion of haste;
g - 2 scrolls labeled QICHUMNUDUDD The adder misses you.
Press: ? - help, v - describe, . - travel
Here: an adder (severely wounded)
The floor.
Unknown command.
Unknown command.
Firing (i - inventory. (/) - cycle)
d - 60 sling bullets (quivered)
Press: ? - help, Shift-Dir - straight line, f/p - adder
Aim: an adder (severely wounded)
You shoot a sling bullet. The sling bullet misses the adder.
The adder closely misses you.
Firing (i - inventory. (/) - cycle)
d - 59 sling bullets (quivered)
Press: ? - help, Shift-Dir - straight line, f/p - adder
Aim: an adder (severely wounded)
You shoot a sling bullet.
The sling bullet closely misses the adder.
The adder bites you.
You die...

##### #.# #....##
#...####.######.....#
...................#
#...###########.#..#
###.# #.##.# ..#.#
#.##.# ###.# #.##.#
#...# #..#.# ...##
##@#.# #.## #S#.# #.#
#(#.# #.# #.#.# #.#
#.#.# ..# #.#.# ###
#.# #(# #.#


You could see an adder.

Vanquished Creatures
  5 adders (D:2)
  2 worms (D:2)
  2 dart slugs
  2 goblins (D:1)
  5 hobgoblins
  5 bats
  4 frilled lizards
  4 kobolds
  4 rats
33 creatures vanquished.

Notes
Turn   | Place    | Note
-------+----------+-------------------------------------------
     0 | D:1      | OdinFK the Halfling Hunter began the quest for the Orb.
     0 | D:1      | Reached XP level 1. HP: 14/14 MP: 1/1
   218 | D:1      | Reached XP level 2. HP: 11/19 MP: 2/2
   219 | D:1      | Reached skill level 6 in Slings
   640 | D:1      | Reached skill level 1 in Armour
   822 | D:2      | Reached XP level 3. HP: 21/24 MP: 3/3
  1071 | D:2      | Reached XP level 4. HP: 30/30 MP: 4/4
  1240 | D:2      | Slain by an adder

Illustrated notes

Levels and vault maps discovered:
D:1:      dpeg_arrival_refuge, layout_loops_ring
D:2:      cheibrodos_pilgrimage, layout_loops_ring, minmay_ruptured

Skill      XL: |  1  2  3 |
---------------+----------+-----
Fighting       | 2 |  2.9
Slings         | 6 |  6.8
Armour         | 1 |  1.0
Dodging        | 3 |  3.0
Stealth        | |  1.1

Action                   |  1- 3 |  4- 6 || total
-------------------------+-------+-------++-------
Melee: Short sword       |    69 |    11 ||    80
 Fire: Hunting sling     |    34 |    25 ||    59
  Use: Potion            |       |     1 ||     1
 Stab: Sleeping          |     2 |       ||     2
  Eat: Chunk             |     1 |       ||     1
Armor: Leather armour    |     3 |       ||     3
       Ring mail         |    14 |     6 ||    20
Dodge: Dodged            |    49 |    16 ||    65
